 Dungeon Crawl Stone Soup version 0.29.0-4-gdea44cf6ec (webtiles) character file.

Game seed: 13572903176199911424

24124 qw the Cleaver (level 13, -1/78 HPs)
             Began as a Tengu Warper on Aug 28, 2022.
             Was a High Priest of Okawaru.
             Slain by a cane toad (17 damage)
             ... on level 4 of the Lair of Beasts.
             The game lasted 00:01:39 (12858 turns).

qw the Cleaver (Tengu Warper)                      Turns: 12858, Time: 00:01:40

Health: -1/78      AC: 20    Str: 15    XL:     13   Next: 11%
Magic:  19/21      EV: 12    Int: 15    God:    Okawaru [*****.]
Gold:   741        SH: 13    Dex: 14    Spells: 16/16 levels left

rFire   . . .      SeeInvis .   Y - +5 hand axe (flame)
rCold   . . .      Faith    .   u - +0 kite shield
rNeg    . . .      Spirit   .   b - +3 plate armour
rPois   +          Reflect  .   (helmet restricted)
rElec   .          Harm     .   p - scarf {repulsion}
rCorr   .          Rampage  .   j - +0 pair of gloves
Will    .....                   (boots unavailable)
Stlth   ..........              g - amulet of regeneration
HPRegen 1.03/turn               c - ring of poison resistance
MPRegen 0.17/turn               v - +4 ring of evasion

@: lethally poisoned (-1 -> -1), about to teleport, heroic, flying quickly and
evasively, repel missiles, quick
A: beak, talons 3, nimble flight
a: Renounce Religion, Heroism, Finesse, Duel


You were on level 4 of the Lair of Beasts.
You worshipped Okawaru.
Okawaru was extremely pleased with you.
You visited 3 branches of the dungeon, and saw 14 of its levels.

You collected 801 gold pieces.
You spent 60 gold pieces at shops.


Innate Abilities, Weirdness & Mutations

You have a beak for a mouth.
You have claws for feet.
Your magical nature lets you fly swiftly and evasively.


   Skills:
 + Level 7.7(12.7) Fighting
 - Level 14.0(19.0) Axes
 - Level 1.4(6.4) Throwing
 - Level 8.1(13.1) Armour
 - Level 3.5(8.5) Dodging
 - Level 9.1(14.1) Shields
 - Level 2.0 Spellcasting
 - Level 2.4 Translocations
 - Level 10.0 Invocations


You had 16 spell levels left.
You didn't know any spells.
Your spell library contained the following spells:

 Spells                   Type           Power      Damage    Failure   Level
 Blink                    Tloc           16%        N/A       99%         2
 Gell's Gravitas          Tloc           8%         N/A       100%        3
 Lesser Beckoning         Tloc           8%         N/A       100%        3
 Teleport Other           Tloc           8%         N/A       100%        3
 Manifold Assault         Tloc           8%         N/A       100%        5

Inventory:

Hand Weapons
 Y - a +5 hand axe of flaming (weapon)
Armour
 b - a +3 plate armour (worn)
 j - a +0 pair of gloves (worn)
 p - a scarf of repulsion (worn)
 u - a +0 kite shield (worn)
Jewellery
 c - a ring of poison resistance (left hand)
 g - an amulet of regeneration (around neck)
 n - a +4 ring of protection
 q - a ring of protection from fire
 s - a ring of protection from fire
 v - a +4 ring of evasion (right hand)
Scrolls
 d - a scroll of poison {unknown}
 e - a scroll of identify
 i - 7 scrolls of teleportation
Potions
 a - 8 potions of curing
 f - a potion of mutation
 h - 2 potions of resistance
 l - 3 potions of might
 o - 2 potions of heal wounds
 r - 2 potions of haste

Dungeon Overview and Level Annotations

Branches:
Dungeon (9/15)             Temple (1/1) D:6            Lair (4/5) D:9
 Shoals (0/4) Lair:2       Spider (0/4) Lair:3          Orc (0/2) D:9
  Slime: Lair:4-5

Altars:
Ashenzari
Cheibriados
Dithmenos
Elyvilon
Fedhas
Gozag
Hepliaklqana
Kikubaaqudgha
Makhleb
Nemelex Xobeh
Okawaru
Qazlal
Ru
Sif Muna
Trog
Uskayaw
Vehumet
Wu Jian
Xom
Yredelemnul
Zin
The Shining One

Shops:
D:5 *

Annotations:
Lair:4 4 transporters, runemage's ghost, journeyman GnFi


Message History

The cane toad is moderately wounded.
You hit the plant. You burn the plant. You block the cane toad's attack.
You barely miss the cane toad.
You claw the cane toad, but do no damage.
The cane toad is lightly wounded.
You hit the plant. You burn the plant.
A nearby plant withers and dies.
You hit the cane toad but do no damage. You claw the cane toad.
The cane toad is moderately wounded.
The cane toad stings you.
You are poisoned.
The cane toad poisons you!
You slash the cane toad! You burn the cane toad.
Your kick misses the cane toad. Your peck misses the cane toad.
The cane toad is heavily wounded.
You feel very sick. The cane toad stings you!
12853 ||| INVOKING Heroism.
You gain the combat prowess of a mighty hero.
You feel very sick. The cane toad stings you.
You slash the cane toad! You burn the cane toad. You peck the cane toad.
The cane toad is almost dead.
You feel sick. The cane toad stings you.
You hit the cane toad but do no damage.
You claw the cane toad, but do no damage.
The cane toad is almost dead.
You feel sick. The cane toad stings you!
You barely miss the cane toad. Your kick misses the cane toad.
The cane toad is almost dead.
You feel sick. You block the cane toad's attack.
You hit the cane toad. You burn the cane toad.
The cane toad is almost dead.
You feel sick. The cane toad stings you.
12858 ||| READING 8 scrolls of teleportation.
As you read the scroll of teleportation, it crumbles to dust.
You feel strangely unstable.
You feel sick. The cane toad stings you!
You die...

#PPPP0PPP#$=#....#
###.#y
#^^^^^^^.+(^#^...#
#.#y
#PPPPP0PP#?[#...##
#.##
##~~~~#~ยค####%..#
###.##
.##w#7#w##.....#.###
#.#.##
.#########.#...###.#
##..##
..............#...####
##..#
...........#.##......#
#..#....
.........#######@...##
......... ......##.#
#.F................
.......###
.........###P#......
.....### #.........# #
####... ...###
P...........# ##..
.### ##..........##
#.. .# ##........##
##. .## ^##......# ##
..## #


You could see a cane toad.

Vanquished Creatures
  4 hydras
  2 two-headed ogres (D:9)
  A centaur warrior (D:9)
  3 black mambas
  A torpor snail (Lair:4)
  9 cane toads
  5 komodo dragons
  3 rime drakes
  2 unseen horror zombies (D:8)
  A polar bear (Lair:3)
  4 hornets
  12 blink frogs
  6 dream sheep (Lair:4)
  A jumping spider (Lair:3)
  A shadow (D:8)
  A wyvern (Lair:2)
  4 basilisks
  10 yaks
  3 steam dragons
  Menkaure (D:5)
  12 water moccasins
  2 ice beasts
  A hornet zombie (D:8)
  A sky beast (D:7)
  2 black bears
  5 orc warriors
  An ogre (D:5)
  3 wolves (Lair:3)
  5 centaurs
  A phantom (D:3)
  3 kobold brigands (D:9)
  13 bullfrogs
  A necrophage (D:4)
  2 gnoll sergeants (D:9)
  4 scorpions
  8 wights
  6 killer bees
  4 howler monkeys
  2 centaur zombies (D:8)
  2 jellies
  5 orc priests
  2 hounds
  3 iguanas
  2 gnoll boudas (D:9)
  4 orc wizards
  A killer bee zombie (D:8)
  3 howler monkey zombies (D:8)
  10 gnolls
  9 adders
  A white imp (D:5)
  An ufetubus (D:5)
  3 worms
  4 dart slugs
  46 orcs
  10 bats
  9 endoplasms
  A giant cockroach (D:1)
  9 goblins
  4 hobgoblins
  3 jackals (D:3)
  2 quokkas
  6 ball pythons
  4 frilled lizards
  13 kobolds
  4 rats
311 creatures vanquished.

Vanquished Creatures (others)
  10 demonic plants (D:3)
  39 fungi
  30 plants
  2 withered plants (D:3)
81 creatures vanquished.

Grand Total: 392 creatures vanquished

Notes
Turn   | Place    | Note
-------+----------+-------------------------------------------
     0 | D:1      | qw the Tengu Warper began the quest for the Orb.
     0 | D:1      | Reached XP level 1. HP: 12/12 MP: 4/4
     0 | D:1      | 0 ||| qw: Version: 0.1-a-89-g26bdef1
     0 | D:1      | 0 ||| qw: Game counter: 1210
     0 | D:1      | 0 ||| qw: Always use a shield: true
     0 | D:1      | 0 ||| qw: God list: Okawaru
     0 | D:1      | 0 ||| qw: Allow faded altars: false
     0 | D:1      | 0 ||| qw: Do Orc after D:15 true
     0 | D:1      | 0 ||| qw: Do second Lair branch before Depths: true
     0 | D:1      | 0 ||| qw: Lair rune preference: random
     0 | D:1      | 0 ||| qw: Plans: Normal
     0 | D:1      | 0 ||| PLANNING D:1-11
   316 | D:1      | Reached skill level 3 in Axes
   316 | D:1      | Reached XP level 2. HP: 17/17 MP: 6/6
   978 | D:1      | Reached XP level 3. HP: 19/21 MP: 7/7
  1352 | D:1      | 1352 ||| UPGRADING to +0 ring mail.
  1362 | D:1      | 1362 ||| DROPPING +0 leather armour.
  1363 | D:1      | 1363 ||| READING 3 scrolls labelled IDONEMU JICU.
  1364 | D:1      | 1364 ||| READING scroll labelled UTAOCRIL YTRA.
  1365 | D:1      | 1365 ||| READING scroll labelled FUSYPN MUXODIG.
  1368 | D:1      | 1368 ||| READING scroll labelled KEGORI FAXKOLY.
  1369 | D:1      | 1369 ||| DROPPING 2 scrolls of fear.
  1370 | D:1      | 1370 ||| DROPPING scroll of blinking.
  1453 | D:2      | 1453 ||| Stepping ~*~*~tactically~*~*~ (stealth).
  1502 | D:2      | Reached skill level 4 in Axes
  1525 | D:2      | 1525 ||| Stepping ~*~*~tactically~*~*~ (hiding).
  1581 | D:2      | HP: 2/21 [worm (7)]
  1919 | D:2      | Reached XP level 4. HP: 7/26 MP: 8/8
  2342 | D:2      | Reached skill level 5 in Axes
  2388 | D:2      | 2388 ||| Stepping ~*~*~tactically~*~*~ (stealth).
  2447 | D:2      | 2447 ||| Stepping ~*~*~tactically~*~*~ (stealth).
  2453 | D:2      | 2453 ||| Stepping ~*~*~tactically~*~*~ (stealth).
  2790 | D:2      | 2790 ||| UPGRADING to +0 plate armour.
  2800 | D:2      | 2800 ||| DROPPING +0 ring mail.
  2801 | D:2      | 2801 ||| UPGRADING to amulet of regeneration.
  2806 | D:2      | 2806 ||| UPGRADING to ring of poison resistance.
  2807 | D:2      | 2807 ||| UPGRADING to ring of protection from fire.
  2941 | D:3      | Noticed a phantom
  2956 | D:3      | Killed a phantom
  2957 | D:3      | Reached skill level 3 in Armour
  2957 | D:3      | Gained mutation: Your magical nature lets you fly swiftly
                  | and evasively. [Tengu growth]
  2957 | D:3      | Reached XP level 5. HP: 9/30 MP: 9/9
  3020 | D:3      | 3020 ||| Stepping ~*~*~tactically~*~*~ (hiding).
  3030 | D:3      | 3030 ||| Stepping ~*~*~tactically~*~*~ (stealth).
  3039 | D:3      | 3039 ||| DROPPING +0 club.
  3071 | D:3      | Reached XP level 6. HP: 31/35 MP: 10/10
  3077 | D:3      | Reached skill level 6 in Axes
  3199 | D:3      | 3199 ||| DROPPING +0 mace.
  3306 | D:3      | Identified the +10 rapier of the Volcano {vorpal, rF+
                  | Int+3}
  3336 | D:3      | Found a faded altar of an unknown god.
  3485 | D:3      | Reached skill level 7 in Axes
  3884 | D:3      | 3884 ||| DROPPING amulet of guardian spirit.
  3885 | D:3      | 3885 ||| READING 3 scrolls labelled POCHE DAPTOTESK.
  3886 | D:3      | 3886 ||| READING 2 scrolls of enchant armour.
  3886 | D:3      | 3886 ||| ENCHANTING +0 plate armour.
  3887 | D:3      | 3887 ||| READING scroll of enchant armour.
  3887 | D:3      | 3887 ||| ENCHANTING +1 plate armour.
  3888 | D:3      | 3888 ||| READING scroll labelled EMNALU RIOWK.
  3889 | D:3      | 3889 ||| DRINKING 3 lumpy red potions.
  3979 | D:4      | Reached XP level 7. HP: 39/40 MP: 11/11
  4030 | D:4      | 4030 ||| Stepping ~*~*~tactically~*~*~ (stealth).
  4033 | D:4      | 4033 ||| Stepping ~*~*~tactically~*~*~ (hiding).
  4034 | D:4      | 4034 ||| Stepping ~*~*~tactically~*~*~ (hiding).
  4048 | D:4      | Reached skill level 3 in Fighting
  4159 | D:4      | 4159 ||| Stepping ~*~*~tactically~*~*~ (stealth).
  4162 | D:4      | 4162 ||| Stepping ~*~*~tactically~*~*~ (stealth).
  4192 | D:4      | 4192 ||| Stepping ~*~*~tactically~*~*~ (stealth).
  4248 | D:4      | 4248 ||| Stepping ~*~*~tactically~*~*~ (stealth).
  4256 | D:4      | 4256 ||| Stepping ~*~*~tactically~*~*~ (stealth).
  4257 | D:4      | 4257 ||| Stepping ~*~*~tactically~*~*~ (stealth).
  4315 | D:4      | 4315 ||| SWAPPING to +2 hand axe of electrocution.
  4316 | D:4      | 4316 ||| DROPPING +0 hand axe.
  4493 | D:4      | 4493 ||| READING scroll labelled CAIP ESIAJEASY.
  4494 | D:4      | 4494 ||| DRINKING 2 sedimented orange potions.
  4495 | D:4      | 4495 ||| DRINKING 2 white potions.
  4496 | D:4      | 4496 ||| DROPPING potion of degeneration.
  4513 | D:5      | Entered Level 5 of the Dungeon
  4513 | D:5      | Found Locegg's General Store.
  4516 | D:5      | 4516 ||| SHOPLISTING +3 chain mail of fire resistance (397
                  | gold, have 258).
  4516 | D:5      | 4516 ||| BUYING potion of might (60 gold).
  4516 | D:5      | Bought a potion of might for 60 gold pieces
  4520 | D:5      | Reached skill level 8 in Axes
  4521 | D:5      | 4521 ||| DRINKING 3 potions of curing.
  4521 | D:5      | 4521 ||| (to cure confusion)
  4532 | D:5      | 4532 ||| Stepping ~*~*~tactically~*~*~ (stealth).
  4533 | D:5      | 4533 ||| Stepping ~*~*~tactically~*~*~ (stealth).
  4538 | D:5      | 4538 ||| FLEEEEING.
  4539 | D:5      | 4539 ||| FLEEEEING.
  4542 | D:5      | 4542 ||| STAIRDANCE
  4605 | D:5      | 4605 ||| Stepping ~*~*~tactically~*~*~ (stealth).
  4606 | D:5      | 4606 ||| Stepping ~*~*~tactically~*~*~ (stealth).
  4607 | D:5      | 4607 ||| Stepping ~*~*~tactically~*~*~ (hiding).
  4616 | D:5      | Reached skill level 9 in Axes
  4616 | D:5      | Reached XP level 8. HP: 36/46 MP: 12/12
  4616 | D:5      | 4616 ||| Stepping ~*~*~tactically~*~*~ (hiding).
  4617 | D:5      | 4617 ||| FLEEEEING.
  4618 | D:5      | 4618 ||| Stepping ~*~*~tactically~*~*~ (hiding).
  4627 | D:5      | 4627 ||| FLEEEEING.
  4628 | D:5      | 4628 ||| FLEEEEING.
  4629 | D:5      | 4629 ||| FLEEEEING.
  4630 | D:5      | 4630 ||| FLEEEEING.
  4667 | D:5      | 4667 ||| Stepping ~*~*~tactically~*~*~ (stealth).
  4675 | D:5      | 4675 ||| Stepping ~*~*~tactically~*~*~ (stealth).
  4787 | D:5      | Noticed Menkaure
  4788 | D:5      | 4788 ||| Stepping ~*~*~tactically~*~*~ (hiding).
  4802 | D:5      | Killed Menkaure
  4838 | D:5      | 4838 ||| Stepping ~*~*~tactically~*~*~ (stealth).
  4844 | D:5      | 4844 ||| Stepping ~*~*~tactically~*~*~ (hiding).
  4995 | D:5      | 4995 ||| Stepping ~*~*~tactically~*~*~ (stealth).
  4997 | D:5      | 4997 ||| Stepping ~*~*~tactically~*~*~ (stealth).
  5186 | D:5      | 5186 ||| UPGRADING to scarf of repulsion.
  5191 | D:5      | 5191 ||| UPGRADING to +4 ring of evasion.
  5193 | D:5      | 5193 ||| READING 3 scrolls labelled IBIARE TUELUCA.
  5194 | D:5      | 5194 ||| READING scroll labelled NIUGEL KU OCO.
  5195 | D:5      | 5195 ||| READING scroll labelled EDIANUBYOH.
  5196 | D:5      | 5196 ||| DRINKING 2 murky emerald potions.
  5224 | D:5      | 5224 ||| READING 2 scrolls of identify.
  5224 | D:5      | 5224 ||| IDENTIFYING orange potion
  5225 | D:5      | 5225 ||| DROPPING potion of attraction.
  5226 | D:5      | 5226 ||| DROPPING potion of lignification.
  5247 | D:6      | Found a staircase to the Ecumenical Temple.
  5248 | D:6      | 5248 ||| PLANNING TEMPLE
  5251 | D:6      | 5251 ||| STAIRDANCE
  5278 | Temple   | Entered the Ecumenical Temple
  5429 | Temple   | Became a worshipper of Warmaster Okawaru
  5656 | Temple   | 5656 ||| PLANNING D:1-11
  5774 | D:6      | Reached skill level 10 in Axes
  5837 | D:6      | 5837 ||| READING scroll of enchant weapon.
  5837 | D:6      | 5837 ||| ENCHANTING +3 hand axe of electrocution.
  6122 | D:6      | 6122 ||| Stepping ~*~*~tactically~*~*~ (stealth).
  6123 | D:6      | 6123 ||| Stepping ~*~*~tactically~*~*~ (stealth).
  6129 | D:6      | Reached XP level 9. HP: 52/52 MP: 13/13
  6206 | D:6      | 6206 ||| READING 4 scrolls of identify.
  6206 | D:6      | 6206 ||| IDENTIFYING metallic emerald potion
  6207 | D:6      | 6207 ||| READING 3 scrolls of identify.
  6207 | D:6      | 6207 ||| IDENTIFYING bubbling inky potion
  6208 | D:6      | 6208 ||| READING 2 scrolls of identify.
  6208 | D:6      | 6208 ||| IDENTIFYING black potion
  6209 | D:6      | 6209 ||| DROPPING potion of flight.
  6290 | D:7      | Reached * piety under Okawaru
  6292 | D:7      | 6292 ||| INVOKING Heroism.
  6293 | D:7      | 6293 ||| Stepping ~*~*~tactically~*~*~ (cloud).
  6306 | D:7      | 6306 ||| INVOKING Heroism.
  6308 | D:7      | Reached skill level 1 in Invocations
  6920 | D:8      | 6920 ||| Stepping ~*~*~tactically~*~*~ (hiding).
  6933 | D:8      | Reached skill level 11 in Axes
  6939 | D:8      | Reached skill level 3 in Invocations
  6947 | D:8      | 6947 ||| INVOKING Heroism.
  6950 | D:8      | Reached ** piety under Okawaru
  6978 | D:8      | 6978 ||| FLEEEEING.
  6980 | D:8      | 6980 ||| STAIRDANCE
  6989 | D:8      | 6989 ||| Stepping ~*~*~tactically~*~*~ (stealth).
  6991 | D:8      | 6991 ||| INVOKING Heroism.
  7043 | D:8      | Reached skill level 12 in Axes
  7107 | D:8      | 7107 ||| INVOKING Heroism.
  7152 | D:8      | 7152 ||| Stepping ~*~*~tactically~*~*~ (hiding).
  7156 | D:8      | 7156 ||| FLEEEEING.
  7157 | D:8      | 7157 ||| Stepping ~*~*~tactically~*~*~ (hiding).
  7160 | D:8      | 7160 ||| INVOKING Heroism.
  7166 | D:8      | Noticed a hornet
  7167 | D:8      | Reached XP level 10. HP: 56/59 MP: 11/14
  7168 | D:8      | Reached skill level 6 in Fighting
  7174 | D:8      | Reached skill level 3 in Dodging
  7189 | D:8      | Reached *** piety under Okawaru
  7190 | D:8      | Reached skill level 6 in Armour
  7211 | D:8      | 7211 ||| READING scroll of enchant armour.
  7211 | D:8      | 7211 ||| ENCHANTING +2 plate armour.
  7444 | D:8      | 7444 ||| Stepping ~*~*~tactically~*~*~ (stealth).
  7446 | D:8      | 7446 ||| Stepping ~*~*~tactically~*~*~ (stealth).
  7457 | D:8      | 7457 ||| Stepping ~*~*~tactically~*~*~ (stealth).
  7479 | D:8      | 7479 ||| Stepping ~*~*~tactically~*~*~ (stealth).
  7480 | D:8      | Found a basalt altar of Yredelemnul.
  7571 | D:8      | 7571 ||| READING 2 scrolls of identify.
  7571 | D:8      | 7571 ||| IDENTIFYING fizzy blue potion
  7603 | D:9      | 7603 ||| INVOKING Heroism.
  7605 | D:9      | 7605 ||| STAIRDANCE
  7619 | D:8      | 7619 ||| DROPPING +0 flail.
  7659 | D:9      | 7659 ||| INVOKING Heroism.
  7708 | D:9      | Reached skill level 13 in Axes
  7722 | D:9      | 7722 ||| INVOKING Heroism.
  7887 | D:9      | 7887 ||| Stepping ~*~*~tactically~*~*~ (stealth).
  7889 | D:9      | 7889 ||| Stepping ~*~*~tactically~*~*~ (stealth).
  7891 | D:9      | 7891 ||| Stepping ~*~*~tactically~*~*~ (stealth).
  7905 | D:9      | 7905 ||| INVOKING Heroism.
  7906 | D:9      | 7906 ||| Stepping ~*~*~tactically~*~*~ (stealth).
  7925 | D:9      | 7925 ||| Stepping ~*~*~tactically~*~*~ (hiding).
  7944 | D:9      | 7944 ||| INVOKING Heroism.
  7956 | D:9      | Reached **** piety under Okawaru
  8001 | D:9      | Found a staircase to the Lair.
  8014 | D:9      | Noticed a two-headed ogre
  8015 | D:9      | 8015 ||| INVOKING Heroism.
  8028 | D:9      | Killed a two-headed ogre
  8029 | D:9      | Reached skill level 14 in Axes
  8029 | D:9      | Reached XP level 11. HP: 41/64 MP: 13/15
  8131 | D:9      | 8131 ||| INVOKING Heroism.
  8140 | D:9      | 8140 ||| Stepping ~*~*~tactically~*~*~ (stealth).
  8226 | D:9      | 8226 ||| Stepping ~*~*~tactically~*~*~ (stealth).
  8228 | D:9      | 8228 ||| INVOKING Heroism.
  8230 | D:9      | 8230 ||| Stepping ~*~*~tactically~*~*~ (stealth).
  8237 | D:9      | 8237 ||| Stepping ~*~*~tactically~*~*~ (stealth).
  8251 | D:9      | 8251 ||| Stepping ~*~*~tactically~*~*~ (stealth).
  8258 | D:9      | 8258 ||| INVOKING Heroism.
  8278 | D:9      | Found a staircase to the Orcish Mines.
  8435 | D:9      | Noticed a two-headed ogre
  8436 | D:9      | 8436 ||| INVOKING Heroism.
  8444 | D:9      | Killed a two-headed ogre
  8499 | D:9      | Noticed a centaur warrior
  8500 | D:9      | 8500 ||| INVOKING Heroism.
  8511 | D:9      | HP: 16/67 [centaur warrior (2)]
  8512 | D:9      | 8512 ||| READING 8 scrolls of teleportation.
  8515 | D:9      | 8515 ||| DRINKING 4 potions of heal wounds.
  8517 | D:9      | Killed a centaur warrior
  8518 | D:9      | Reached skill level 6 in Invocations
  8574 | D:9      | 8574 ||| Stepping ~*~*~tactically~*~*~ (hiding).
  8575 | D:9      | 8575 ||| INVOKING Heroism.
  8629 | D:9      | 8629 ||| PLANNING LAIR
  8629 | D:9      | 8629 ||| UPGRADING to +0 kite shield.
  8634 | D:9      | 8634 ||| READING scroll labelled AGAOMP YCVA.
  8635 | D:9      | 8635 ||| DRINKING 2 sedimented dark potions.
  8736 | D:9      | 8736 ||| READING 3 scrolls of identify.
  8736 | D:9      | 8736 ||| IDENTIFYING blue potion
  8737 | D:9      | 8737 ||| READING 2 scrolls of identify.
  8737 | D:9      | 8737 ||| IDENTIFYING glowing white potion
  8738 | D:9      | 8738 ||| DROPPING potion of ambrosia.
  8739 | D:9      | 8739 ||| DROPPING potion of invisibility.
  8761 | Lair:1   | Entered Level 1 of the Lair of Beasts
  8762 | Lair:1   | 8762 ||| PLANNING GAUNTLET
  8779 | Lair:1   | 8779 ||| Stepping ~*~*~tactically~*~*~ (hiding).
  8784 | Lair:1   | 8784 ||| INVOKING Heroism.
  8796 | Lair:1   | Reached ***** piety under Okawaru
  8797 | Lair:1   | Reached skill level 1 in Shields
  8833 | Lair:1   | 8833 ||| Stepping ~*~*~tactically~*~*~ (stealth).
  8835 | Lair:1   | 8835 ||| Stepping ~*~*~tactically~*~*~ (stealth).
  8837 | Lair:1   | 8837 ||| INVOKING Heroism.
  8913 | Lair:1   | Noticed a four-headed hydra
  8914 | Lair:1   | 8914 ||| INVOKING Heroism.
  8915 | Lair:1   | 8915 ||| SWAPPING to +0 morningstar.
  8916 | Lair:1   | 8916 ||| INVOKING Finesse.
  8921 | Lair:1   | Killed a four-headed hydra
  8922 | Lair:1   | 8922 ||| SWAPPING to +4 hand axe of electrocution.
  9000 | Lair:1   | Identified the +1 ring mail of Kighot {rPois Will- Str-2
                  | Int+6}
  9002 | Lair:1   | 9002 ||| INVOKING Heroism.
  9013 | Lair:1   | Reached skill level 3 in Shields
  9163 | Lair:1   | You are sucked into a shaft and drop 1 floor!
  9163 | Lair:2   | Noticed a six-headed hydra
  9164 | Lair:2   | 9164 ||| INVOKING Heroism.
  9165 | Lair:2   | 9165 ||| SWAPPING to +0 morningstar.
  9166 | Lair:2   | 9166 ||| INVOKING Finesse.
  9175 | Lair:2   | Killed a six-headed hydra
  9175 | Lair:2   | Received a gift from Okawaru
  9176 | Lair:2   | 9176 ||| SWAPPING to +4 hand axe of electrocution.
  9288 | Lair:2   | 9288 ||| UPGRADING to +0 pair of gloves.
  9293 | Lair:2   | 9293 ||| DROPPING +6 ring of intelligence.
  9298 | Lair:2   | 9298 ||| INVOKING Heroism.
  9307 | Lair:2   | Reached XP level 12. HP: 63/72 MP: 16/19
  9316 | Lair:2   | 9316 ||| READING 2 scrolls of identify.
  9316 | Lair:2   | 9316 ||| IDENTIFYING smoky yellow potion
  9317 | Lair:2   | 9317 ||| DROPPING potion of brilliance.
  9328 | Lair:2   | 9328 ||| INVOKING Heroism.
  9336 | Lair:1   | 9336 ||| RIP GAUNTLET
  9337 | Lair:1   | 9337 ||| PLANNING LAIR
  9367 | Lair:1   | 9367 ||| INVOKING Heroism.
  9375 | Lair:1   | 9375 ||| Stepping ~*~*~tactically~*~*~ (stealth).
  9376 | Lair:1   | 9376 ||| Stepping ~*~*~tactically~*~*~ (stealth).
  9377 | Lair:1   | 9377 ||| Stepping ~*~*~tactically~*~*~ (stealth).
  9430 | Lair:1   | 9430 ||| DRINKING potion of cancellation.
  9919 | Lair:1   | 9919 ||| DROPPING ring of protection from cold.
  9943 | Lair:2   | Identified the +2 robe "Deaw" {rC+ MP+9}
  9949 | Lair:2   | Found a staircase to the Shoals.
 10019 | Lair:2   | 10019 ||| Stepping ~*~*~tactically~*~*~ (stealth).
 10020 | Lair:2   | 10020 ||| INVOKING Heroism.
 10023 | Lair:2   | 10023 ||| Stepping ~*~*~tactically~*~*~ (stealth).
 10054 | Lair:2   | 10054 ||| INVOKING Heroism.
 10069 | Lair:2   | Reached skill level 6 in Shields
 10250 | Lair:2   | 10250 ||| FLEEEEING.
 10251 | Lair:2   | 10251 ||| FLEEEEING.
 10252 | Lair:2   | 10252 ||| FLEEEEING.
 10255 | Lair:2   | 10255 ||| INVOKING Heroism.
 10429 | Lair:2   | Noticed a seven-headed hydra
 10430 | Lair:2   | 10430 ||| INVOKING Heroism.
 10431 | Lair:2   | 10431 ||| INVOKING Finesse.
 10433 | Lair:2   | 10433 ||| SWAPPING to +0 morningstar.
 10439 | Lair:2   | Killed a seven-headed hydra
 10440 | Lair:2   | Reached skill level 9 in Invocations
 10440 | Lair:2   | 10440 ||| SWAPPING to +4 hand axe of electrocution.
 10791 | Lair:3   | Found a hole to the Spider Nest.
 10829 | Lair:3   | 10829 ||| FLEEEEING.
 10830 | Lair:3   | 10830 ||| FLEEEEING.
 10831 | Lair:3   | 10831 ||| FLEEEEING.
 10832 | Lair:3   | 10832 ||| FLEEEEING.
 10843 | Lair:3   | 10843 ||| INVOKING Heroism.
 11119 | Lair:3   | Received a gift from Okawaru
 11127 | Lair:3   | 11127 ||| DROPPING +0 flail of protection.
 11319 | Lair:3   | 11319 ||| INVOKING Heroism.
 11331 | Lair:3   | 11331 ||| INVOKING Heroism.
 11397 | Lair:3   | 11397 ||| INVOKING Heroism.
 11489 | Lair:3   | Found a dark tunnel.
 11504 | Lair:3   | 11504 ||| Stepping ~*~*~tactically~*~*~ (stealth).
 11506 | Lair:3   | 11506 ||| INVOKING Heroism.
 11507 | Lair:3   | 11507 ||| Stepping ~*~*~tactically~*~*~ (stealth).
 11540 | Lair:3   | 11540 ||| Stepping ~*~*~tactically~*~*~ (stealth).
 11566 | Lair:3   | Identified the +4 falchion of Rotation {protect, +Blink
                  | rElec Will- Str-3}
 11918 | Lair:3   | 11918 ||| READING scroll labelled JYAMI HIPHAATHROF.
 11919 | Lair:3   | 11919 ||| DROPPING +0 morningstar.
 11920 | Lair:3   | 11920 ||| READING 2 scrolls of identify.
 11920 | Lair:3   | 11920 ||| IDENTIFYING pink potion
 11921 | Lair:3   | 11921 ||| DROPPING potion of berserk rage.
 11942 | Lair:4   | 11942 ||| STAIRDANCE
 11946 | Lair:4   | 11946 ||| STAIRDANCE
 11955 | Lair:4   | 11955 ||| STAIRDANCE
 11963 | Lair:4   | 11963 ||| INVOKING Heroism.
 12034 | Lair:4   | 12034 ||| INVOKING Heroism.
 12186 | Lair:4   | 12186 ||| Stepping ~*~*~tactically~*~*~ (hiding).
 12197 | Lair:4   | Noticed a seven-headed hydra
 12198 | Lair:4   | 12198 ||| INVOKING Heroism.
 12206 | Lair:4   | Killed a three-headed hydra
 12207 | Lair:4   | Reached skill level 9 in Shields
 12227 | Lair:4   | 12227 ||| READING scroll of enchant weapon.
 12227 | Lair:4   | 12227 ||| ENCHANTING +4 hand axe of flaming.
 12243 | Lair:4   | Received a gift from Okawaru
 12244 | Lair:4   | Reached XP level 13. HP: 64/76 MP: 21/21
 12271 | Lair:4   | Found a transporter.
 12273 | Lair:4   | Found a transporter.
 12276 | Lair:4   | Noticed runemage's ghost (journeyman GnFi)
 12311 | Lair:4   | 12311 ||| INVOKING Heroism.
 12313 | Lair:4   | 12313 ||| Stepping ~*~*~tactically~*~*~ (stealth).
 12331 | Lair:4   | 12331 ||| INVOKING Heroism.
 12477 | Lair:4   | Found a transporter.
 12485 | Lair:4   | 12485 ||| Stepping ~*~*~tactically~*~*~ (stealth).
 12489 | Lair:4   | 12489 ||| Stepping ~*~*~tactically~*~*~ (stealth).
 12508 | Lair:4   | 12508 ||| INVOKING Heroism.
 12513 | Lair:4   | HP: 19/76 [black mamba (5)]
 12514 | Lair:4   | 12514 ||| READING 8 scrolls of teleportation.
 12514 | Lair:4   | HP: 9/76 [black mamba (10)]
 12515 | Lair:4   | 12515 ||| DRINKING 3 potions of heal wounds.
 12664 | Lair:4   | Found a transporter.
 12853 | Lair:4   | 12853 ||| INVOKING Heroism.
 12857 | Lair:4   | HP: 17/78 [cane toad (6)]
 12858 | Lair:4   | 12858 ||| READING 8 scrolls of teleportation.
 12858 | Lair:4   | Slain by a cane toad

Levels and vault maps discovered:
D:1:      mainiacjoe_arrival_reflecting_pool, layout_loops_corners,
          minmay_misc_feat_tiny
D:2:      layout_basic, grunt_ministairs_13
D:3:      layout_basic, shapermc_ecumenical_altar_gd
D:4:      layout_rooms, roderic_serpentine_path, st_stairs_12
D:5:      layout_rooms, nicolae_stop_n_shop_1, kennysheep_generic_room_11,
          uniq_menkaure
D:6:      layout_basic, minmay_temple_entry_large_hall
D:7:      layout_loops_ring
D:8:      layout_cave_pools, nicolae_yredelemnul_corpse_copse
D:9:      cheibrodos_barr_body, layout_cave_pools, due_lair_maze_entry_diamond,
          hiddenorc1_lemuel
Temple:   mainiacjoe_temple_trianglar_array
Lair:1:   layout_chaotic_city, gauntlet_entry_generic, lemuel_fruit_tree
Lair:2:   layout_hall_layers, shoals_dummy_entry, small_statue_intersection
Lair:3:   layout_cave_pods, spider_nest_entry_a, enter_volcano_2
Lair:4:   gammafunk_worm_tunnel, layout_cave_pods, gammafunk_ghost_hive,
          grunt_megastairs_4, lemuel_fruit_fields

Skill      XL: |  1  2  3  4  5  6  7  8  9 10 11 12 13 |
---------------+----------------------------------------+-----
Axes           | 3 4 5 7 9 10 12 14 | 14.0
Armour         | 3 5 6 7 8 |  8.1
Fighting       | 3 4 5 6 7 |  7.7
Invocations    | 4 8 10 | 10.0
Dodging        | 3 |  3.5
Shields        | 4 9 |  9.1
Throwing       | |  1.4
Spellcasting   | |  2.0
Translocations | |  2.4

Action                   |  1- 3 |  4- 6 |  7- 9 | 10-12 | 13-15 || total
-------------------------+-------+-------+-------+-------+-------++-------
Melee: Hand axe          |    79 |   168 |   241 |   547 |    61 ||  1096
       Kick              |    18 |    48 |    70 |   200 |    23 ||   359
       Peck              |    12 |    24 |    43 |   128 |    11 ||   218
       Punch             |       |       |     2 |    10 |       ||    12
       Morningstar       |       |       |       |    18 |       ||    18
Throw: Boomerang         |     7 |    11 |    73 |    55 |       ||   146
Invok: Heroism           |       |       |     6 |    32 |     4 ||    42
       Finesse           |       |       |       |     3 |       ||     3
  Use: Scroll            |     4 |     4 |     9 |    10 |     2 ||    29
       Potion            |       |     1 |     4 |     3 |     1 ||     9
 Stab: Distracted        |       |     1 |       |       |       ||     1
Armor: Leather armour    |    18 |       |       |       |       ||    18
       Ring mail         |     8 |    23 |       |       |       ||    31
       Plate armour      |       |    83 |   119 |   177 |    10 ||   389
Dodge: Dodged            |    30 |    51 |    64 |   192 |    12 ||   349
       Repelled          |       |       |       |     3 |       ||     3
Block: Kite shield       |       |       |       |   126 |    20 ||   146

Table legend:
 A = Non-vault XP
 B = Vault XP
 C = Vault XP percentage of total XP
 D = Non-vault monster count
 E = Vault monster count
 F = Vault count percentage of total count
                 A         B        C        D         E       F
            +---------+---------+-------+---------+---------+-------
      Total |   28550 |    5914 |  17.2 |     257 |      54 |  17.4
            +---------+---------+-------+---------+---------+-------
        D:1 |      40 |       0 |   0.0 |      22 |       0 |   0.0
        D:2 |      92 |       4 |   4.2 |      21 |       2 |   8.7
        D:3 |     429 |       0 |   0.0 |      36 |       0 |   0.0
        D:4 |     267 |       2 |   0.7 |      19 |       1 |   5.0
        D:5 |     930 |     172 |  15.6 |      28 |       1 |   3.4
        D:6 |     465 |       0 |   0.0 |       7 |       0 |   0.0
        D:7 |     850 |       0 |   0.0 |       6 |       0 |   0.0
        D:8 |    2170 |    1046 |  32.5 |      24 |       9 |  27.3
        D:9 |    2209 |    4455 |  66.9 |      21 |      40 |  65.6
     Lair:1 |    4104 |       0 |   0.0 |      13 |       0 |   0.0
     Lair:2 |    6532 |       0 |   0.0 |      24 |       0 |   0.0
     Lair:3 |    4712 |     235 |   4.8 |      19 |       1 |   5.0
     Lair:4 |    5750 |       0 |   0.0 |      17 |       0 |   0.0
            +---------+---------+-------+---------+---------+-------
